 Dungeon Crawl Stone Soup version 0.21.1-1-g345015f (webtiles) character file.

30 4thArraOfDagon the Grave Robber (level 3, -1/25 HPs)
             Began as a Gnoll Necromancer on June 8, 2018.
             Slain by a gnoll
             ... wielding a +0 spear
              (11 damage)
             ... on level 6 of the Dungeon.
             The game lasted 00:03:52 (533 turns).

4thArraOfDagon the Grave Robber (Gnoll Necromancer)  Turns: 533, Time: 00:03:52

Health: -1/25      AC:  0    Str:  7 (10) XL:     3   Next: 20%
Magic:  2/9        EV: 17    Int: 16 (18) God:
Gold:   74         SH:  2    Dex: 14 (15) Spells: 8/12 levels left

rFire    . . .     SeeInvis .   (weapon currently unavailable)
rCold    . . .     Gourm    .   (shield currently unavailable)
rNeg     . . .     Faith    .   (armour currently unavailable)
rPois    .         Spirit   .   (helmet currently unavailable)
rElec    .         Reflect  +   (cloak currently unavailable)
rCorr    .         Harm     .   (gloves currently unavailable)
MR       .....                  (boots currently unavailable)
Stlth    +++.......             f - +2 amulet of reflection
HPRegen  1.08/turn              (ring currently unavailable)
MPRegen  0.11/turn              (ring currently unavailable)

@: pig-form, regenerating, hasted, very quick
A: small, distributed training, strong nose
a: no special abilities


You were on level 6 of the Dungeon.
You were not hungry.
You were a filthy swine.
You visited 1 branch of the dungeon, and saw 6 of its levels.

You collected 74 gold pieces.

Inventory:

Armour
 a - a +0 robe (melded)
Jewellery
 d - a +3 ring of protection (melded)
 f - a +2 amulet of reflection (around neck)
Wands
 h - a wand of polymorph (12)
Scrolls
 e - a scroll of identify
Books
 b - a book of Necromancy

   Spells                             Type                      Level
   a - Pain                           Necromancy                   1
   b - Animate Skeleton               Necromancy                   1
   c - Vampiric Draining              Necromancy                   3
   d - Regeneration                   Charms/Necromancy            3
   e - Animate Dead                   Necromancy                   4
   f - Borgnjor's Vile Clutch         Necromancy/Earth             5
Comestibles
 c - 4 rations


   Skills:
 + Level 0.6 Fighting
 + Level 0.6 Short Blades
 + Level 0.6 Long Blades
 + Level 0.6 Axes
 + Level 0.6 Maces & Flails
 + Level 0.6 Polearms
 + Level 0.6 Staves
 + Level 0.6 Slings
 + Level 0.6 Bows
 + Level 0.6 Crossbows
 + Level 0.6 Throwing
 + Level 0.6 Armour
 + Level 4.5 Dodging
 + Level 4.1 Stealth
 + Level 0.6 Shields
 + Level 0.6 Unarmed Combat
 + Level 5.0 Spellcasting
 + Level 0.4 Conjurations
 + Level 0.4 Hexes
 + Level 0.4 Charms
 + Level 0.4 Summonings
 + Level 7.1 Necromancy
 + Level 0.4 Translocations
 + Level 0.4 Transmutations
 + Level 0.4 Fire Magic
 + Level 0.4 Ice Magic
 + Level 0.4 Air Magic
 + Level 0.4 Earth Magic
 + Level 0.4 Poison Magic
 + Level 0.8 Invocations
 + Level 0.6 Evocations


You had 8 spell levels left.
You knew the following spells:

 Your Spells              Type           Power        Failure   Level  Hunger
a - Pain                  Necr           ####         1%          1    None
b - Regeneration          Chrm/Necr      ###.......   10%         3    ###....


Dungeon Overview and Level Annotations

Branches:
Dungeon (6/15)
 Temple: D:4-7

Altars:
Ashenzari
Ru
The Shining One

Annotations:
D:4 diana's ghost, amateur DsGl
D:5 1 transporter
D:6 Menkaure


Innate Abilities, Weirdness & Mutations

Your experience applies equally to all skills.
((You have very sharp teeth.))
Your uncanny sense of smell can sniff out nearby items.


Message History

You hit the gnoll.
The gnoll is moderately wounded.
You hit the gnoll.
The gnoll is moderately wounded.
The gnoll barely misses you.
Your magical contamination has completely faded away.
You hit the gnoll.
The gnoll is moderately wounded.
The gnoll misses you.
You closely miss the gnoll.
The gnoll is moderately wounded.
Menkaure calls on the powers of darkness!
The orc convulses!
Your body is wracked with pain!
The gnoll convulses!
You completely miss the gnoll.
The gnoll is heavily wounded.
The gnoll hits you with a spear. The orc closely misses you.
You closely miss the gnoll.
The gnoll is heavily wounded.
The gnoll hits you with a spear!
You die...

.# .... .####.###.#
.g........#
#####g##### #.# #g#
#.#
#.###################
#........gggho...M...
#.###################
###


You could see Menkaure, 3 gnolls and an orc.

Vanquished Creatures
  An adder (D:2)
  2 dart slugs
  4 giant cockroaches
  A goblin (D:1)
  A hobgoblin (D:3)
  3 kobolds (D:1)
  A ball python (D:1)
  A frilled lizard (D:3)
  2 rats (D:1)
16 creatures vanquished.

Notes
Turn   | Place    | Note
-------+----------+-------------------------------------------
     0 | D:1      | 4thArraOfDagon the Gnoll Necromancer began the quest for the Orb.
     0 | D:1      | Reached XP level 1. HP: 13/13 MP: 6/6
    95 | D:1      | Reached XP level 2. HP: 2/19 MP: 0/7
   344 | D:2      | Reached XP level 3. HP: 6/25 MP: 3/9
   356 | D:3      | Learned a level 3 spell: Regeneration
   393 | D:3      | Reached skill level 5 in Spellcasting
   438 | D:4      | Found a sacrificial altar of Ru.
   438 | D:4      | Found a glowing golden altar of the Shining One.
   439 | D:4      | Found a shattered altar of Ashenzari.
   448 | D:4      | Noticed diana's ghost (amateur DsGl)
   455 | D:5      | Entered Level 5 of the Dungeon
   455 | D:5      | Found a transporter.
   476 | D:5      | Noticed an ogre
   524 | D:6      | Noticed Menkaure
   533 | D:6      | Slain by a gnoll

Skill      XL: |  1  2  3 |
---------------+----------+-----
Spellcasting   | 5 |  5.0
Fighting       | |  0.6
Short Blades   | |  0.6
Long Blades    | |  0.6
Axes           | |  0.6
Maces & Flails | |  0.6
Polearms       | |  0.6
Staves         | |  0.6
Slings         | |  0.6
Bows           | |  0.6
Crossbows      | |  0.6
Throwing       | |  0.6
Armour         | |  0.6
Dodging        | |  4.5
Stealth        | |  4.1
Shields        | |  0.6
Unarmed Combat | |  0.6
Conjurations   | |  0.4
Hexes          | |  0.4
Charms         | |  0.4
Summonings     | |  0.4
Necromancy     | |  7.1
Translocations | |  0.4
Transmutations | |  0.4
Fire Magic     | |  0.4
Ice Magic      | |  0.4
Air Magic      | |  0.4
Earth Magic    | |  0.4
Poison Magic   | |  0.4
Invocations    | |  0.8
Evocations     | |  0.6

Action                   || total
-------------------------++-------
Melee: Unarmed           ||    10
 Cast: Pain              ||    34
       Regeneration      ||     3
Evoke: Wand              ||     2
  Use: Potion            ||     2
       Scroll            ||     5
Armor: Robe              ||     9
Dodge: Dodged            ||    22
Block: Other             ||     1
